 Dungeon Crawl Stone Soup version 0.28.0-53-g5a82cb258f (webtiles) character file.

Game seed: 17841665781579687423

85 hawla the Firebug (level 4, 0/24 HPs)
             Began as a Deep Elf Fire Elementalist on May 28, 2022.
             Slain by a gnoll
             ... wielding a +1 flail of protection
              (5 damage)
             ... on level 3 of the Dungeon.
             The game lasted 00:06:29 (2416 turns).

hawla the Firebug (Deep Elf Fire Elementalist)      Turns: 2416, Time: 00:06:29

Health: 0/24       AC:  5    Str:  5    XL:     4   Next: 25%
Magic:  0/10       EV:  7    Int: 22    God:
Gold:   28         SH:  0    Dex: 15    Spells: 7/10 levels left

rFire   . . .      SeeInvis .   l - +0 short sword (protect)
rCold   . . .      Faith    .   (no shield)
rNeg    . . .      Spirit   .   a - +0 robe
rPois   .          Reflect  .   (no helmet)
rElec   .          Harm     .   h - +0 cloak
rCorr   .          Rampage  .   i - +0 pair of gloves
Will    .....                   g - +0 pair of boots
Stlth   ++........              (no amulet)
HPRegen 0.08/turn               (no ring)
MPRegen 0.12/turn               (no ring)

@: about to teleport, held
A: low MP 1, sturdy frame 1
a: no special abilities


You were on level 3 of the Dungeon.
You visited 1 branch of the dungeon, and saw 3 of its levels.

You collected 28 gold pieces.

Inventory:

Hand Weapons
 b - a +0 quarterstaff
 l - a +0 short sword of protection (weapon)
Missiles
 d - 6 poisoned darts (quivered)
Armour
 a - a +0 robe (worn)
 g - a +0 pair of boots (worn)
 h - a +0 cloak (worn)
 i - a +0 pair of gloves (worn)
Jewellery
 f - a +4 ring of evasion
Scrolls
 e - a scroll of identify
 k - a scroll of magic mapping {unknown}
Potions
 m - a potion of cancellation {unknown}
 n - a potion of mutation
 o - a potion of degeneration {unknown}
 p - 2 potions of resistance {unknown}
 q - a potion of magic {unknown}


   Skills:
 + Level 0.1 Fighting
 + Level 0.8 Staves
 + Level 2.9 Dodging
 + Level 2.7 Stealth
 + Level 3.8 Spellcasting
 + Level 2.1 Conjurations
 + Level 4.2 Fire Magic


You had 7 spell levels left.
You knew the following spells:

 Your Spells              Type           Power      Damage    Failure   Level
a - Foxfire               Conj/Fire      72%        2x1d7     3%          1
b - Scorch                Fire           44%        2d7       3%          2

Your spell library contained the following spells:

 Spells                   Type           Power      Damage    Failure   Level
 Conjure Flame            Conj/Fire      18%        6-21      9%          3
 Inner Flame              Hex/Fire       13%        N/A       14%         3
 Flame Wave               Conj/Fire      18%        2d6       30%         4


Dungeon Overview and Level Annotations

Branches:
Dungeon (3/15)

Altars:
Xom

Annotations:
D:3 Grinder


Innate Abilities, Weirdness & Mutations

Your magical capacity is low. (-10% MP)
Your movements are slightly less encumbered by armour. (ER -2)


Message History

You kill the gnoll!
The foxfire hits the gnoll.
The gnoll is burned terribly!
The gnoll is severely wounded.
You have reached level 4!
You feel clever.
A gnoll comes into view. It is wielding a +0 club.
The gnoll barely misses you.
The gnoll is no longer more vulnerable to fire.
Casting: Foxfire (safe; 3% risk of failure)
Confirm with . or Enter, or press ? or * to list all spells.
You conjure some foxfire!
The gnoll barely misses you.
Casting: Foxfire (safe; 3% risk of failure)
Confirm with . or Enter, or press ? or * to list all spells.
Flames lash the jackal.
You kill the jackal!
The foxfire hits the gnoll.
You kill the gnoll!
The foxfire hits the gnoll but does no damage.
Things that are here:
a +0 club; a goblin corpse The gnoll throws a throwing net.
The throwing net hits you.
You become entangled in the net!
You see here a throwing net.
You struggle against the net.
Casting: Scorch (safe; 3% risk of failure)
Confirm with . or Enter, or press ? or * to list all spells.
You conjure some foxfire!
The foxfire hits the gnoll.
The gnoll is lightly wounded.
You struggle against the net.
The gnoll hits you but does no damage.
You struggle against the net.
The gnoll hits you with a +1 flail of protection.
* * * LOW HITPOINT WARNING * * *
You feel better.
The gnoll hits you with a +1 flail of protection!
* * * LOW HITPOINT WARNING * * *
As you read the scroll of teleportation, it crumbles to dust.
You feel strangely unstable.
The gnoll hits you with a +1 flail of protection.
You die...

.............#
#.## ##)........#
##.#...#...#.#
##.###.##.##.##.#
###.#........###
#..#.###.##.##.#
...............#
#...## #.##.....
###..........#.#
##### #.#####.#
#..........#.###
#.......#
#.#........#...#
######### #
#....#...#####.#
#......### #@#
#....#.# #g#
#.#.##.# #)#
#......# ##.#
#.....## #..#
.##>....# #.##
.##.....# #)#
###.....# #.#
####### #.#


You could see a gnoll.

Vanquished Creatures
  2 gnolls (D:3)
  An adder (D:3)
  A worm (D:3)
  2 dart slugs (D:3)
  2 endoplasms
  A giant cockroach (D:1)
  4 goblins
  3 hobgoblins
  8 jackals
  4 quokkas
  5 ball pythons (D:2)
  6 bats
  A frilled lizard (D:3)
  3 kobolds (D:3)
  3 rats
46 creatures vanquished.

Vanquished Creatures (collateral kills)
  A foxfire (D:3)
1 creature vanquished.

Vanquished Creatures (others)
  110 foxfires
  3 plants (D:3)
113 creatures vanquished.

Grand Total: 160 creatures vanquished

Notes
Turn   | Place    | Note
-------+----------+-------------------------------------------
     0 | D:1      | hawla the Deep Elf Fire Elementalist began the quest for
                  | the Orb.
     0 | D:1      | Reached XP level 1. HP: 10/10 MP: 6/6
   335 | D:1      | Reached XP level 2. HP: 9/15 MP: 4/8
   338 | D:1      | Learned a level 2 spell: Scorch
   824 | D:2      | Found a faded altar of an unknown god.
  1444 | D:2      | Found a shimmering altar of Xom.
  1514 | D:3      | Gained mutation: Your magical capacity is low. (-10% MP)
                  | [potion of mutation]
  1514 | D:3      | Gained mutation: Your movements are slightly less
                  | encumbered by armour. (ER -2) [potion of mutation]
  1520 | D:3      | Reached XP level 3. HP: 19/19 MP: 6/8
  1828 | D:3      | Reached skill level 4 in Fire Magic
  2071 | D:3      | Noticed Grinder
  2394 | D:3      | Reached XP level 4. HP: 7/24 MP: 2/10
  2416 | D:3      | Slain by a gnoll

Illustrated notes

Levels and vault maps discovered:
D:1:      scummos_arrival_hexagon, layout_basic
D:2:      layout_rooms, basic_altar, dreamdust_ecumenical_altar_statues,
          serial_glass, glass_columns_a, glass_columns_b
D:3:      cheibrodos_old_hovel, layout_loops_cross,
          chequers_serial_rivers_micro_d, uniq_grinder

Skill      XL: |  1  2  3 |
---------------+----------+-----
Conjurations   | 2 |  2.1
Fire Magic     | 4 |  4.2
Fighting       | |  0.1
Staves         | |  0.8
Dodging        | |  2.9
Stealth        | |  2.7
Spellcasting   | |  3.8

Action                   |  1- 3 |  4- 6 || total
-------------------------+-------+-------++-------
Melee: Unarmed           |     5 |       ||     5
       Quarterstaff      |    29 |       ||    29
       Short sword       |     6 |       ||     6
 Cast: Foxfire           |    66 |     2 ||    68
       Scorch            |     9 |     1 ||    10
  Use: Scroll            |     6 |     1 ||     7
       Potion            |     2 |     1 ||     3
 Stab: Sleeping          |     1 |       ||     1
Armor: Robe              |    21 |     1 ||    22
Dodge: Dodged            |    51 |     2 ||    53
